 Dungeon Crawl Stone Soup version 0.32-a0-931-g5a2cda0630 (webtiles) character file.

Game seed: 15679204734370244797

87 DryNick the Sneak (level 4, -1/21 HPs)
             Began as a Spriggan Enchanter on Apr 13, 2024.
             Killed by divine providence
             ... invoked by an orc priest
              (10 damage)
             ... on level 2 of the Dungeon.
             The game lasted 00:07:34 (2118 turns).

DryNick the Sneak (Spriggan Enchanter)              Turns: 2118, Time: 00:07:34

Health: -1/21      AC:  2    Str:  4    XL:     4   Next: 28%
Magic:  5/9        EV: 17    Int: 18    God:
Gold:   29         SH:  0    Dex: 20    Spells: 7/9 levels left

rFire   . . .        a - +1 dagger
rCold   . . .        (no shield)
rNeg    . . .        b - +0 robe
rPois   +            (helmet restricted)
rElec   .            (no cloak)
rCorr   .            (gloves unavailable)
SInv    +            (boots unavailable)
Will    .....        k - amulet "Vedizaj" {Acrobat Int+2 Dex+3}
Stlth   ++++         j - ring of poison resistance
HPRegen 0.23/turn    (no ring)
MPRegen 0.11/turn

%: acrobat
@: very quick
A: very small, no large weapons, unfitting armour, see invisible, speed 3
a: Convert to Beogh


You were on level 2 of the Dungeon.
You visited 1 branch of the dungeon, and saw 2 of its levels.

You collected 81 gold pieces.
You spent 52 gold pieces at shops.

Inventory:

Hand Weapons
 a - a +1 dagger (weapon)
 g - a +0 whip
 h - a +0 rapier
Armour
 b - a +0 robe (worn)
Jewellery
 j - a ring of poison resistance (left hand)
 k - the amulet "Vedizaj" (around neck) {Acrobat Int+2 Dex+3}
   (You found it on level 2 of the Dungeon)

   [amulet of the acrobat]

   Acrobat:   It increases your evasion while moving and waiting.
   Int+2:     It affects your intelligence (+2).
   Dex+3:     It affects your dexterity (+3).
Scrolls
 e - 3 scrolls of identify
 l - a scroll of enchant weapon {unknown}
Potions
 c - 2 potions of invisibility
 d - 2 potions of brilliance {unknown}
 f - a potion of curing {unknown}
 i - a potion of enlightenment {unknown}


   Skills:
 + Level 0.5 Fighting
 + Level 2.1 Short Blades
 + Level 3.1 Dodging
 * Level 6.1 Stealth
 + Level 3.0 Spellcasting
 * Level 4.1 Hexes


You had 7 spell levels left.
You knew the following spells:

 Your Spells              Type           Power      Damage    Failure   Level
a - Ensorcelled Hibernat  Hex/Ice        20%        N/A       11%         2

Your spell library contained the following spells:

 Spells                   Type           Power      Damage    Failure   Level
 Confusing Touch          Hex            17%        N/A       9%          3
 Tukima's Dance           Hex            17%        N/A       9%          3
 Dazzling Flash           Conj/Hex       20%        N/A       21%         3
 Mephitic Cloud           Conj/Alch/Air  2%         N/A       43%         3
 Silence                  Hex/Air        5%         N/A       88%         5
 Curse of Agony           Necr           2%         N/A       99%         5


Dungeon Overview and Level Annotations

Branches:
Dungeon (2/15)

Altars:

Shops:
D:1 *


Innate Abilities, Weirdness & Mutations

You are very small and have problems with some larger weapons.
You are too small for most types of armour.
You have supernaturally acute eyesight. (SInv)
You cover ground extremely quickly. (Speed+++)


Message History

Aiming: Ensorcelled Hibernation (safe; 11% risk of failure)
Press: ? - help, Shift-Dir - straight line, f - ball python
Aim: a ball python (chance to affect: 62%)
The ball python looks drowsy...
The helpless ball python fails to defend itself.
You impale the ball python!!
You kill the ball python!
You start resting.
Magic restored.
You start resting.
HP restored.
You climb downwards.
An orc priest comes into view.
It is wielding a +1 hand axe of flaming.
The orc hits you with a +0 short sword.
There is a stone staircase leading up here.
Casting: Ensorcelled Hibernation (safe; 11% risk of failure)
Confirm with . or Enter, or press ? or * to list all spells.
Aiming: Ensorcelled Hibernation (safe; 11% risk of failure)
Press: ? - help, Shift-Dir - straight line, f - orc
Aim: an orc, wielding a +0 short sword (chance to affect: 62%)
The orc looks drowsy...
The helpless orc fails to defend itself.
You impale the orc!!
You kill the orc!
Casting: Ensorcelled Hibernation (safe; 11% risk of failure)
Confirm with . or Enter, or press ? or * to list all spells.
Aiming: Ensorcelled Hibernation (safe; 11% risk of failure)
Press: ? - help, Shift-Dir - straight line, f - orc
Aim: an orc, wielding a +0 flail (chance to affect: 62%)
The orc looks drowsy...
The orc priest mumbles some strange prayers to Beogh against you.
Beogh smites you!
The orc priest shouts, "Beogh offers mercy even to people such as you.
Join us and be reborn!" (press Y on the ability menu to convert to Beogh)
The helpless orc fails to defend itself.
You impale the orc!!
You kill the orc!
The orc priest calls down the wrath of Beogh upon you.
Beogh smites you!
You die...

##.# ##......#
.#.#############.#########
...........(............w.
#...############....†############
............................)!...
#####....#######.#.##....o...>...
####...# #......o..So.....#..
##########.###.#...#######.##.#.#
#...)..........#@)............#..
#.########.###############.#....#
#.# #.# #.##.### ..### #..
#...... ..'.# ##.. ## ## ..#.#
..# ..#.# #)# ..#.# .. ..#..


You could see an orc priest.

Vanquished Creatures
  3 adders (D:2)
  2 dart slugs
  A ribbon worm (D:2)
  2 orcs (D:2)
  3 bats (D:1)
  5 endoplasms (D:1)
  A giant cockroach (D:1)
  7 goblins
  7 hobgoblins
  3 jackals
  A kobold (D:2)
  3 quokkas (D:1)
  3 ball pythons (D:1)
  3 frilled lizards (D:1)
  2 rats
46 creatures vanquished.

Notes
Turn   | Place    | Note
-------+----------+-------------------------------------------
     0 | D:1      | DryNick the Spriggan Enchanter began the quest for the Orb.
     0 | D:1      | Reached XP level 1. HP: 9/9 MP: 5/5
    81 | D:1      | Reached skill level 5 in Stealth
   142 | D:1      | Reached XP level 2. HP: 11/13 MP: 6/6
   352 | D:1      | Found Vall's General Store.
   360 | D:1      | Bought a scroll of identify for 26 gold pieces
   360 | D:1      | Bought a scroll of identify for 26 gold pieces
   408 | D:1      | Learned a level 2 spell: Ensorcelled Hibernation
   736 | D:1      | Reached XP level 3. HP: 16/16 MP: 8/8
  1687 | D:2      | Identified the amulet "Vedizaj" {Acrobat Int+2 Dex+3}
  1810 | D:2      | Reached skill level 6 in Stealth
  1887 | D:2      | Reached XP level 4. HP: 21/21 MP: 9/9
  2118 | D:2      | Killed from afar by an orc priest

Illustrated notes

Levels and vault maps discovered:
D:1:      psy_arrival_whirlpool, layout_basic, serial_shops, shop
D:2:      layout_basic, hellmonk_ecumenical_altar_arch_garden, moated_statue,
          uniq_natasha

Skill      XL: |  1  2  3 |
---------------+----------+-----
Stealth        | 5 6 |  6.1
Dodging        | 3 |  3.1
Hexes          | 4 |  4.1
Short Blades   | 2 |  2.1
Spellcasting   | 3 |  3.0
Fighting       | |  0.5

Action                     |  1- 3 |  4- 6 || total
---------------------------+-------+-------++-------
  Melee: Dagger            |   122 |    36 ||   158
   Cast: Ensorcelled Hiber |     9 |     5 ||    14
   Stab: Sleeping          |    17 |     3 ||    20
 Armour: Robe              |    28 |    15 ||    43
  Dodge: Dodged            |    81 |    39 ||   120

Table legend: (Time is in decaauts)
 A = Elapsed time spent in this place.
 B = Non-inter-level travel time spent in this place.
 C = Inter-level travel time spent in this place.
 D = Time resting spent in this place.
 E = Time spent auto-exploring this place.
 F = Levels seen in this place.
 G = Mean time per level.
                   A        B        C        D        E       F      G
               +--------+--------+--------+--------+--------+-----+--------+
         Total |   1507 |   1425 |     82 |     88 |    902 |   2 |  753.5 |
       Dungeon |   1507 |   1425 |     82 |     88 |    902 |   2 |  753.5 |
               +--------+--------+--------+--------+--------+-----+--------+

Top non-repeatable levels by time:
     D:1: 1096 daAuts
     D:2: 410 daAuts
